Map: Blackpink LE

Players

Stephano

  • Race: Zerg Zerg
  • Spawn Location: 7:00

RAIL - Winner!

  • Race: Protoss Protoss
  • Spawn Location: 1:00

Event: WCS Leipzig 2018

VOD

Have the link to the VOD?

Description

Time

  • Played on: Jan. 26, 2018, 9:14 a.m.
  • Length: 12:56

All games in this series

Show
View Real Time Build Order
Export as new Build Order

Stephano Zerg 

Build Orders: Hatch First 

Get SALT Encoding   

  12  0:00  Drone  
  13  0:12  Overlord  
  13  0:17  Drone  
  14  0:31  Drone x2  
  14  0:34  Drone  
  17  0:54  Drone, Hatchery  
  17  0:57  Drone  
  18  1:07  Extractor  
  17  1:12  Spawning Pool  
  17  1:14  Drone  
  17  1:18  Drone  
  18  1:28  Drone  
  19  1:39  Overlord  
  19  1:50  Drone  
  20  1:58  Queen  
  20  2:01  Zergling x2  
  23  2:05  Queen  
  23  2:06  Drone  
  26  2:10  Metabolic Boost  
  26  2:11  Drone  
  27  2:19  Drone  
  28  2:28  Drone x2  
  30  2:34  Hatchery  
  29  2:39  Drone x2  
  29  2:43  Drone  
  32  2:49  Queen  
  35  2:56  Overlord  
  34  3:00  Overlord  
  34  3:05  Lair  
  34  3:16  Drone x2  
  34  3:19  Drone x5  
  41  3:20  Drone  
  41  3:26  Drone  
  43  3:29  Overlord  
  43  3:34  Extractor  
  43  3:35  Extractor  
  43  3:40  Drone x2  
  43  3:41  Drone  
  43  3:46  Overlord  
  43  3:47  Drone x2  
  46  3:50  Drone x2  
  48  3:58  Overlord  
  48  4:00  Drone x3  
  51  4:05  Drone x2  
  51  4:07  Extractor, Hydralisk Den  
  51  4:11  Drone  
  51  4:12  Overlord  
  51  4:14  Drone x3  
  55  4:26  Zergling x4  
  57  4:36  Hydralisk x3, Muscular Augments  
  64  4:38  Zergling x8  
  64  4:42  Hydralisk  
  64  4:45  Hydralisk  
  71  4:51  Hydralisk  
  73  4:53  Zergling x8  
  73  4:56  Overseer  
  73  4:58  Hydralisk  
  79  5:05  Overlord x2  
  79  5:07  Hydralisk  
  81  5:17  Overlord  
  81  5:19  Overlord  
  80  5:22  Overlord  
  80  5:25  Hydralisk x3  
  86  5:30  Evolution Chamber  
  86  5:35  Drone x5  
  90  5:36  Drone  
  90  5:38  Drone  
  90  5:41  Extractor  
  91  5:46  Drone x3  
  91  5:48  Drone  
  94  5:50  Drone  
  94  5:51  Extractor  
  94  5:52  Baneling Nest  
  93  5:59  Drone x3  
  96  6:04  Overseer  
  96  6:09  Hydralisk x3  
  100  6:12  Hatchery  
  100  6:17  Drone x4  
  103  6:20  Drone x2  
  103  6:23  Zerg Melee Weapons Level 1  
  105  6:31  Drone x3  
  108  6:35  Drone, Hydralisk x3  
  108  6:36  Hydralisk  
  108  6:39  Centrifical Hooks  
  117  6:43  Baneling x5  
  117  6:44  Baneling  
  117  6:50  Drone x4  
  117  6:51  Overlord  
  121  6:56  Pneumatized Carapace  
  121  7:07  Overlord  
  121  7:09  Queen  
  121  7:10  Hydralisk x3  
  121  7:13  Zergling x2  
  130  7:21  Overlord  
  130  7:25  Hydralisk x6  
  130  7:27  Zergling x4  
  130  7:29  Overlord  
  144  7:35  Overlord  
  144  7:40  Zergling x16  
  152  7:48  Zergling x2  
  152  7:49  Zergling x10  
  156  7:55  Baneling  
  156  7:56  Zergling x8  
  158  8:00  Spine Crawler  
  157  8:06  Baneling  
  157  8:07  Baneling x11  
  157  8:09  Zergling x2  
  157  8:10  Zergling x18  
  167  8:19  Zergling x6  
  148  8:41  Hydralisk x9  
  148  8:45  Zergling x26  
  147  8:49  Hydralisk  
  147  8:53  Hydralisk  
  147  8:55  Hydralisk  
  129  9:00  Hydralisk x2  
  131  9:03  Zerg Melee Weapons Level 2  
  131  9:07  Baneling x2  
  131  9:08  Baneling x9, Hydralisk x4  
  139  9:17  Hydralisk  
  139  9:18  Hydralisk x2  
  144  9:25  Zergling x2  
  144  9:30  Zergling x12  
  151  9:31  Baneling x4  
  151  9:32  Baneling x5  
  151  9:33  Zergling x2  
  151  9:34  Zergling x2  
  151  9:36  Hatchery  
  151  9:38  Zergling x10  
  157  9:50  Zergling x12  
  159  9:56  Zergling x2  
  159  9:57  Zergling x8  
  156  10:01  Zergling x2  
  156  10:02  Zergling x2  
  156  10:04  Overlord x2  
  157  10:09  Baneling  
  157  10:10  Baneling x10  
  153  10:21  Zergling x20  
  155  10:32  Zergling x2  
  155  10:33  Zergling x14  
  162  10:37  Infestation Pit  
  162  10:40  Drone x2  
  162  10:41  Drone x3, Spine Crawler  
  165  10:43  Spine Crawler  
  165  10:47  Hydralisk  
  165  10:48  Hydralisk x4  
  174  10:51  Baneling  
  174  10:52  Baneling x5  
  174  10:55  Zergling x6  
  177  10:59  Baneling  
  177  11:02  Overseer  
  177  11:05  Hydralisk x2  
  180  11:16  Zergling x12  
  180  11:17  Hatchery  
  171  11:27  Zergling x20  
  171  11:32  Zergling x16  
  177  11:34  Baneling x6  
  177  11:37  Baneling  
  177  11:38  Baneling x8  
  168  11:57  Zergling x6  
  168  11:58  Zergling x12  
  149  12:05  Hydralisk x5  
  146  12:13  Hydralisk x3  
  136  12:18  Baneling  
  136  12:19  Baneling x2  
  120  12:26  Zergling x6  
Show
View Real Time Build Order
Export as new Build Order

RAIL Protoss - Winner!

Build Orders: 1 Gate Expand, Archon Immortal, Zealot Archon 

Get SALT Encoding   

  12  0:00  Probe  
  13  0:12  Probe  
  14  0:19  Pylon  
  14  0:24  Probe  
  15  0:37  Probe (Chrono Boost)  
  15  0:38  Gateway  
  16  0:46  Probe (Chrono Boost)  
  16  0:47  Assimilator  
  17  0:51  Probe (Chrono Boost)  
  18  1:03  Probe  
  19  1:20  Nexus  
  19  1:31  Cybernetics Core  
  19  1:33  Probe (Chrono Boost)  
  20  1:40  Assimilator  
  20  1:44  Probe (Chrono Boost)  
  21  1:47  Pylon  
  21  1:49  Probe (Chrono Boost)  
  22  2:00  Probe (Chrono Boost)  
  23  2:07  Stalker  
  25  2:09  Warp Gate  
  25  2:12  Probe (Chrono Boost)  
  26  2:18  Probe (Chrono Boost)  
  27  2:26  Probe  
  28  2:30  Robotics Facility  
  28  2:33  Probe (Chrono Boost)  
  29  2:40  Stalker  
  29  2:43  Probe (Chrono Boost)  
  32  2:45  Probe (Chrono Boost)  
  34  2:52  Probe (Chrono Boost)  
  34  2:53  Probe (Chrono Boost)  
  34  2:55  Shield Battery  
  35  3:01  Probe (Chrono Boost)  
  37  3:05  Probe (Chrono Boost)  
  37  3:09  Gateway  
  37  3:11  Sentry  
  40  3:17  Observer  
  40  3:18  Probe (Chrono Boost)  
  40  3:19  Probe (Chrono Boost)  
  42  3:24  Probe x2 (Chrono Boost)  
  44  3:27  Pylon  
  44  3:34  Assimilator  
  44  3:36  Probe (Chrono Boost)  
  44  3:37  Assimilator  
  44  3:41  Probe (Chrono Boost), Pylon  
  46  3:45  Sentry  
  46  3:47  Probe (Chrono Boost)  
  50  3:50  Probe (Chrono Boost)  
  50  3:51  Probe (Chrono Boost), Pylon  
  51  3:56  Twilight Council  
  51  4:00  Probe, Forge  
  52  4:03  Probe  
  52  4:07  Gateway  
  53  4:12  Probe, Gateway  
  54  4:17  Gateway  
  54  4:21  Probe  
  55  4:27  Gateway  
  55  4:30  Probe, Charge  
  56  4:34  Immortal  
  56  4:36  Protoss Ground Weapons Level 1 (Chrono Boost)  
  60  4:46  Templar Archives  
  60  4:48  Zealot  
  62  5:01  Nexus  
  62  5:04  Pylon  
  62  5:08  Pylon  
  62  5:11  Probe x2  
  64  5:20  Immortal  
  68  5:23  Shield Battery  
  68  5:26  Zealot  
  68  5:27  High Templar x2  
  74  5:32  Photon Cannon  
  74  5:33  Archon  
  74  5:35  Zealot  
  74  5:42  Pylon  
  76  5:43  Zealot  
  76  5:46  Zealot  
  76  5:49  Zealot  
  82  5:54  Probe x2  
  84  6:01  Zealot x2  
  88  6:06  High Templar x2, Zealot  
  88  6:11  Archon  
  94  6:16  Zealot  
  94  6:17  Protoss Ground Weapons Level 2 (Chrono Boost)  
  94  6:18  Immortal  
  100  6:20  Probe x2  
  100  6:21  Probe  
  100  6:23  Zealot  
  100  6:24  Psionic Storm  
  105  6:30  Pylon  
  105  6:32  Probe x2  
  107  6:34  Probe (Chrono Boost)  
  107  6:38  Pylon  
  108  6:45  Probe (Chrono Boost)  
  109  6:49  Assimilator  
  109  6:50  Probe (Chrono Boost)  
  109  6:51  Assimilator  
  109  6:52  Probe (Chrono Boost)  
  111  6:54  High Templar, Pylon  
  111  6:57  Probe (Chrono Boost)  
  111  6:58  Gateway  
  111  6:59  Probe (Chrono Boost)  
  111  7:00  High Templar  
  116  7:03  Probe  
  116  7:07  Probe  
  119  7:09  Gateway  
  119  7:11  Probe, Pylon  
  119  7:15  Probe  
  121  7:17  Immortal  
  121  7:21  High Templar  
  127  7:23  Probe  
  127  7:25  Probe  
  127  7:28  Pylon  
  127  7:29  Pylon  
  129  7:32  High Templar, Zealot, Pylon  
  133  7:38  Robotics Facility  
  133  7:39  Zealot  
  135  7:44  Pylon  
  135  7:45  Pylon  
  135  7:47  Observer  
  133  7:54  Zealot x2  
  133  7:56  Immortal  
  133  7:57  Zealot x2  
  143  8:05  High Templar  
  143  8:06  High Templar, Zealot, Pylon  
  143  8:08  Pylon  
  143  8:10  Zealot, Archon  
  147  8:25  High Templar x2, Zealot x2  
  155  8:27  Immortal  
  155  8:28  Pylon  
  155  8:29  Zealot, Archon  
  161  8:40  Archon x2  
  141  8:42  Zealot x3  
  141  8:43  Immortal  
  141  8:46  Zealot x2  
  141  8:47  Protoss Ground Weapons Level 3 (Chrono Boost)  
  123  8:50  Zealot  
  115  9:01  Nexus  
  115  9:06  High Templar x2  
  119  9:10  Sentry, Zealot x2  
  119  9:14  Photon Cannon  
  125  9:19  Immortal (Chrono Boost)  
  129  9:28  Zealot  
  135  9:31  High Templar, Zealot  
  135  9:32  Immortal (Chrono Boost)  
  135  9:37  Zealot x2  
  143  9:41  High Templar, Zealot  
  140  9:55  Observer (Chrono Boost)  
  124  10:02  High Templar, Zealot x4  
  124  10:03  Zealot  
  124  10:04  Immortal  
  139  10:13  Zealot x2  
  147  10:14  Immortal  
  147  10:20  Pylon  
  141  10:22  Nexus  
  141  10:24  Pylon  
  139  10:29  High Templar x2, Zealot  
  139  10:30  Zealot x2  
  139  10:33  Archon  
  139  10:35  Zealot  
  151  10:41  Photon Cannon  
  151  10:42  Warp Prism  
  151  10:48  High Templar x2  
  157  10:52  Zealot, Archon  
  157  10:54  Zealot  
  161  10:59  Photon Cannon  
  161  11:01  Zealot x3  
  167  11:04  Protoss Shields Level 1 (Chrono Boost)  
  167  11:10  Zealot  
  169  11:15  Zealot x2  
  169  11:20  Zealot  
  169  11:21  Zealot  
  169  11:31  High Templar x2  
  159  11:35  High Templar x2  
  159  11:36  Zealot x2  
  167  11:40  Archon  
  167  11:45  Zealot x2  
  167  11:47  Immortal (Chrono Boost)  
  175  11:57  Archon  
  161  12:05  Archon  
  161  12:06  Archon  
  138  12:09  Sentry  
  138  12:10  Zealot x7  
  136  12:19  Immortal (Chrono Boost)  
  122  12:31  Zealot  
  122  12:32  Zealot  
  109  12:39  High Templar x2, Zealot  
  109  12:40  Zealot x2  
  105  12:51  High Templar  
  94  12:52  Archon  
Tags
 
Add a new tag
Caveats
  • Supply blocks, unpowered buildings, or Contaminate may cause inaccurate times.
  • Supply counts are checked every 10 seconds.